Map: Lightshade LE

Players

PartinG - Winner!

  • Race: Protoss Protoss

Neeb

  • Race: Protoss Protoss

Event: DreamHack SC2 Masters 2021 Fall

VOD

Have the link to the VOD?

Description

Time

  • Played on: Sept. 7, 2021, 9:28 a.m.
  • Length: 10:50

All games in this series

Show
View Real Time Build Order
Export as new Build Order

PartinG Protoss - Winner!

Build Orders:  

Get SALT Encoding   

  12  0:00  Probe  
  13  0:12  Probe  
  14  0:17  Pylon  
  14  0:24  Probe (Chrono Boost)  
  15  0:37  Gateway, Probe (Chrono Boost)  
  16  0:45  Probe (Chrono Boost)  
  16  0:46  Assimilator  
  17  0:51  Probe  
  17  0:55  Assimilator  
  18  1:03  Probe (Chrono Boost)  
  19  1:07  Gateway  
  19  1:12  Probe (Chrono Boost)  
  19  1:17  Probe (Chrono Boost)  
  20  1:24  Cybernetics Core  
  21  1:29  Probe  
  22  1:36  Pylon  
  22  1:41  Probe  
  23  1:54  Probe  
  24  1:57  Warp Gate (Chrono Boost)  
  24  2:00  Stalker  
  26  2:03  Stalker  
  28  2:12  Pylon  
  28  2:28  Shield Battery  
  28  2:30  Pylon  
  28  2:32  Stalker  
  30  2:38  Stalker  
  31  2:44  Robotics Facility  
  31  2:55  Gateway  
  31  3:02  Stalker  
  33  3:12  Stalker  
  35  3:22  Pylon  
  35  3:30  Warp Prism (Chrono Boost)  
  37  3:42  Stalker  
  39  3:50  Stalker  
  41  3:56  Stalker  
  43  4:03  Pylon  
  43  4:23  Stalker x2  
  47  4:26  Stalker  
  49  4:50  Observer (Chrono Boost)  
  46  5:03  Observer (Chrono Boost)  
  46  5:04  Stalker  
  46  5:06  Stalker x2  
  45  5:23  Observer  
  40  5:45  Stalker x3  
  40  5:47  Probe  
  41  6:12  Stalker x3  
  47  6:28  Pylon  
  47  6:46  Stalker x3, Probe  
  54  6:48  Pylon  
  48  7:10  Stalker x3  
  50  7:23  Observer  
  47  7:35  Stalker x2  
  41  7:43  Observer  
  37  7:46  Probe (Chrono Boost)  
  38  7:51  Observer  
  38  7:58  Probe (Chrono Boost)  
  39  8:03  Probe (Chrono Boost)  
  40  8:09  Stalker x2  
  44  8:14  Observer, Probe  
  44  8:18  Stalker  
  47  8:22  Observer  
  47  8:28  Observer  
  47  8:35  Observer  
  47  8:36  Stalker  
  47  8:37  Stalker  
  47  8:40  Observer  
  51  8:45  Observer  
  50  8:49  Observer  
  50  8:51  Stalker  
  50  8:52  Observer  
  50  8:55  Observer  
  52  9:03  Stalker x2  
  56  9:21  Stalker  
  47  9:52  Stalker  
  47  9:53  Stalker  
  39  10:25  Stalker x2  
  33  10:35  Stalker  
Show
View Real Time Build Order
Export as new Build Order

Neeb Protoss 

Build Orders: Dark Templar Rush 

Get SALT Encoding   

  12  0:00  Probe  
  13  0:12  Probe  
  14  0:16  Pylon  
  14  0:24  Probe (Chrono Boost)  
  15  0:36  Probe (Chrono Boost)  
  15  0:37  Gateway  
  16  0:44  Probe (Chrono Boost)  
  16  0:46  Assimilator  
  17  0:50  Probe  
  18  0:57  Assimilator  
  18  1:03  Probe (Chrono Boost)  
  19  1:08  Gateway  
  19  1:13  Probe (Chrono Boost)  
  19  1:18  Probe (Chrono Boost)  
  21  1:26  Cybernetics Core  
  21  1:29  Probe  
  22  1:36  Pylon  
  22  1:41  Probe  
  24  1:54  Probe  
  24  2:04  Adept x2, Warp Gate  
  24  2:06  Probe  
  29  2:15  Pylon  
  29  2:34  Sentry x2  
  32  2:39  Probe  
  33  2:46  Shield Battery  
  33  2:48  Twilight Council  
  33  2:51  Probe  
  34  3:00  Stalker  
  34  3:04  Pylon  
  36  3:16  Nexus  
  36  3:28  Dark Shrine  
  37  3:37  Shield Battery  
  36  3:53  Stalker  
  36  3:59  Stalker  
  36  4:02  Pylon  
  38  4:16  Stalker  
  40  4:23  Probe  
  41  4:28  Probe  
  42  4:35  Probe  
  41  4:39  Dark Templar  
  41  4:41  Dark Templar  
  45  4:49  Pylon  
  45  4:52  Probe  
  47  4:54  Robotics Facility  
  42  5:01  Probe  
  34  5:11  Shield Battery  
  34  5:13  Stalker x2  
  34  5:17  Shield Battery  
  34  5:19  Pylon  
  29  5:34  Probe  
  25  5:39  Immortal (Chrono Boost)  
  29  6:10  Immortal (Chrono Boost)  
  33  6:21  Stalker  
  33  6:24  Stalker  
  37  6:39  Warp Prism (Chrono Boost)  
  39  6:50  Stalker  
  35  7:05  Stalker  
  35  7:27  Sentry  
  37  7:36  Immortal  
  41  8:05  Stalker x2  
  45  8:15  Observer  
  46  8:27  Pylon  
  46  8:32  Nexus  
  46  8:50  Stalker x2  
  50  9:03  Probe  
  51  9:20  Immortal (Chrono Boost)  
  55  9:38  Stalker  
  51  9:48  Stalker  
  30  10:21  Stalker x2  

Tags
 
Add a new tag
Caveats
  • Supply blocks, unpowered buildings, or Contaminate may cause inaccurate times.
  • Supply counts are checked every 10 seconds.